AoeStats
← Niko7_1

MegaRandom

508066647Analyzed
2v2 RM · 13d ago on Sep 20, 2026· 46m 33s· 4 players
Game mode
Random Map
Map size
Medium (4 player)
Population
200
Speed
Normal
Resources
Standard
Victory
Conquest
Starting age
Dark Age
Ending age
Imperial Age
RankedLock teamsTeams togetherTeam positionsShared explorationLock speedFull tech treeHidden civsTurbo modeCheats
Victory
Defeat
🇩🇪 Britons · Germany
457
+5
🇩🇪 Persians · Germany
457
+5
🇸🇪 Huns · Sweden
173
-5
🇸🇪 Bohemians · Sweden
173
-5
Dan-R-Z
5:28 Loom
15:40 Feudal Age
26:01 Castle Age
28:35 Man-at-Arms
29:30 Crossbowman
31:42 Long Swordsman
45:23 Imperial Age
44:55 Fortified Wall
hemba3d
11:07 Feudal Age
27:08 Wheelbarrow
44:27 Castle Age
virtuose
0:43 Loom
11:39 Feudal Age
16:09 Wheelbarrow
17:55 Town Watch
18:35 Padded Archer Armor
18:26 Fletching
19:52 Gold Mining
21:08 Double-Bit Axe
25:04 Castle Age
24:05 Stone Mining
25:20 Pikeman
26:18 Crossbowman
31:34 Bodkin Arrow
31:55 Leather Archer Armor
33:34 Bow Saw
33:55 Ballistics
37:42 Imperial Age
38:30 Bracer
39:01 Ring Archer Armor
41:01 Conscription
42:35 Chemistry
43:18 Gold Shaft Mining
45:56 Elite Longbowman
Niko7_1
13:42 Feudal Age
14:40 Double-Bit Axe
15:44 Horse Collar
17:39 Wheelbarrow
22:21 Castle Age
24:43 Caravan
26:23 Bow Saw
30:22 Imperial Age
28:16 Fletching
28:46 Padded Archer Armor
28:42 Crossbowman
30:18 Forging
30:36 Leather Archer Armor
31:25 Conscription
31:28 Gold Mining
32:25 Heavy Plow
33:29 Two-Man Saw
32:52 Heavy Plow
34:18 Kamandaran
35:54 Iron Casting
37:10 Thumb Ring
38:41 Blast Furnace
37:49 Bodkin Arrow
39:04 Crop Rotation
41:33 Ring Archer Armor
44:19 Elite War Elephant
Connection lost

Rejoining the realm…

Still unreachable

The connection could not be restored.

Session expired

The server has moved on; the page needs a fresh start.